 Dungeon Crawl Stone Soup version 0.23-a0-650-ga4d50d4 (console) character file.

58 Duffy the Firebug (level 3, 0/24 HPs)
             Began as a Demonspawn Fire Elementalist on Jan 6, 2019.
             Slain by an orc
             ... wielding a +0 trident
              (5 damage)
             ... on level 2 of the Dungeon.
             The game lasted 00:01:34 (1970 turns).

Duffy the Firebug (Demonspawn Fire Elementalist)    Turns: 1970, Time: 00:01:35

Health: 0/24       AC:  2    Str:  8    XL:     3   Next: 76%
Magic:  2/6        EV: 12    Int: 17    God:
Gold:   90         SH:  0    Dex: 13    Spells: 2/6 levels left

rFire    . . .     SeeInvis +   c - 4 rations
rCold    . . .     Gourm    .   (no shield)
rNeg     . . .     Faith    .   a - +0 robe
rPois    .         Spirit   .   (helmet restricted)
rElec    .         Reflect  .   (no cloak)
rCorr    .         Harm     .   (no gloves)
MR       .....                  (no boots)
Stlth    ++........             e - amulet of regeneration
HPRegen  0.48/turn              g - ring of see invisible
MPRegen  0.10/turn              (no ring)

@: no status effects
A: antennae 1
a: no special abilities


You were on level 2 of the Dungeon.
You were not hungry.

You visited 1 branch of the dungeon, and saw 3 of its levels.

You collected 90 gold pieces.

Inventory:

Armour
 a - a +0 robe (worn)
Jewellery
 e - an amulet of regeneration (around neck)
 g - a ring of see invisible (left hand)
 o - an uncursed amulet of rage {unknown}
Scrolls
 b - a scroll of enchant weapon {unknown}
 d - a scroll of amnesia {unknown}
 f - 3 scrolls of magic mapping {unknown}
 j - a scroll of enchant armour {unknown}
 k - a scroll of identify {unknown}
 p - a scroll of remove curse {unknown}
 q - a scroll of random uselessness {unknown}
 r - a scroll of teleportation {unknown}
 t - a scroll of blinking {unknown}
Potions
 h - a potion of degeneration {unknown}
 i - 3 potions of curing {unknown}
 l - 2 potions of cancellation {unknown}
 n - a potion of agility {unknown}
 s - a potion of invisibility {unknown}
Comestibles
 c - 4 rations (in hand)


   Skills:
 - Level 1.7 Dodging
 - Level 1.7 Stealth
 + Level 2.3 Spellcasting
 + Level 3.0 Conjurations
 + Level 3.0 Fire Magic


You had 2 spell levels left.
You knew the following spells:

 Your Spells              Type           Power        Failure   Level  Hunger
h - Flame Tongue          Conj/Fire      ##...        5%          1    #......
l - Conjure Flame         Conj/Fire      ##......     16%         3    ###....

Your spell library contained the following spells:

 Spells                   Type           Power        Failure   Level  Hunger
 Throw Flame              Conj/Fire      ##....       9%          2    ##.....
 Inner Flame              Hex/Fire       #.......     30%         3    ###....
 Sticky Flame             Conj/Fire      ##......     47%         4    #####..
 Fireball                 Conj/Fire      ##........   83%         5    ######.


Dungeon Overview and Level Annotations

Branches:
Dungeon (3/15)

Altars:
Hepliaklqana


Innate Abilities, Weirdness & Mutations

You have a pair of small antennae on your head.


Message History

The flame tongue hits the orc.
The orc is severely wounded.
The orc barely misses you.
Casting: Flame Tongue (safe; 5% risk of failure)
Confirm with . or Enter, or press ? or * to list all spells.
Aiming: Flame Tongue (safe; 5% risk of failure)
Press: ? - help, Shift-Dir - straight line, f/p - orc
Aim: an orc, wielding a +0 trident and wearing a +0 chain mail (severely The flame tongue hits the orc.
The orc appears unharmed.
The orc is severely wounded.
The orc hits you with a +0 trident.
Casting: Flame Tongue (safe; 5% risk of failure)
Confirm with . or Enter, or press ? or * to list all spells.
Aiming: Flame Tongue (safe; 5% risk of failure)
Press: ? - help, Shift-Dir - straight line, f/p - orc
Aim: an orc, wielding a +0 trident and wearing a +0 chain mail (severely The flame tongue hits the orc.
The orc appears unharmed.
The orc is severely wounded.
The orc hits you with a +0 trident.
You die...

#.#..<.....#...
#.#.##...######
#.#.##...# ##
#.#.###..# ##.
#.#.#....####.>
#####.#...##....#.#
##.......####..#.#.#
##.........###......#
#..@o.......###......
#..)........# ##.###.
#...........# #.# #.
##.........### #.# #.
##...#......# #.# ##
##########.# #.# #
#.# #.# #####.# #.#
#...).# #.#


You could see an orc.

Vanquished Creatures
  An adder (D:2)
  3 oozes
  A worm (D:2)
  2 dart slugs (D:1)
  An orc (D:2)
  5 giant cockroaches
  2 goblins
  2 hobgoblins
  6 bats
  A frilled lizard (D:2)
  3 kobolds
  3 rats (D:2)
30 creatures vanquished.

Notes
Turn   | Place    | Note
-------+----------+-------------------------------------------
     0 | D:1      | Duffy the Demonspawn Fire Elementalist began the quest for
                  | the Orb.
     0 | D:1      | Reached XP level 1. HP: 13/13 MP: 3/3
   287 | D:1      | Gained mutation: You have a pair of small antennae on your
                  | head. [demonic ancestry]
   287 | D:1      | Reached XP level 2. HP: 19/19 MP: 3/5
  1176 | D:2      | Reached XP level 3. HP: 21/24 MP: 2/6
  1181 | D:2      | Learned a level 3 spell: Conjure Flame
  1812 | D:2      | Found a hazy altar of Hepliaklqana.
  1970 | D:2      | Slain by an orc

Vault maps used:
D:1:      scummos_arrival_star
D:2:      lemuel_coloured_pillars_altar
D:3:      kennysheep_six_static_rooms, okawaru_trees_1, first_ration,
          uniq_jessica

Skill      XL: |  1  2  3 |
---------------+----------+-----
Conjurations   | 2 3 |  3.0
Fire Magic     | 3 |  3.0
Dodging        | |  1.7
Stealth        | |  1.7
Spellcasting   | |  2.3

Action                   || total
-------------------------++-------
 Cast: Flame Tongue      ||    63
  Eat: Chunk             ||     4
Armor: Robe              ||     4
Dodge: Dodged            ||    22

Table legend:
 A = Non-vault XP
 B = Vault XP
 C = Vault XP percentage of total XP
 D = Non-vault monster count
 E = Vault monster count
 F = Vault count percentage of total count
                 A         B        C        D         E       F
            +---------+---------+-------+---------+---------+-------
      Total |      84 |       0 |   0.0 |      30 |       0 |   0.0
            +---------+---------+-------+---------+---------+-------
        D:1 |      40 |       0 |   0.0 |      15 |       0 |   0.0
        D:2 |      44 |       0 |   0.0 |      15 |       0 |   0.0
            +---------+---------+-------+---------+---------+-------
